2705 views
Uploaded 2021-02-25 11:14:32
Game version 1.32 / 1.32.1
8:11 long 1on1 ladder game on (2)EchoIsles
Saved by pu55ycola
2705 views
Uploaded 2021-02-25 11:14:32
Game version 1.32 / 1.32.1
8:11 long 1on1 ladder game on (2)EchoIsles

16 units @ 1.8k
/ 0k
9 buildings @ 1.6k
/ 0.4k

| Rod of Necromancy | 1 | 150 |
| Boots of Speed | 1 | 250 |
| total: | 2 | 400g |
| Acolyte | 2 | 150 | / | 0 |
| Ghoul | 14 | 1680 | / | 0 |
| total: | 16 | 1830g | / | 0w |
| Altar of Darkness | 1 | 180 | / | 50 |
| Crypt | 3 | 600 | / | 150 |
| Ziggurat | 3 | 450 | / | 150 |
| Tomb of Relics | 1 | 130 | / | 30 |
| Graveyard | 1 | 215 | / | 0 |
| Halls of the Dead | 1 | 320 | / | 210 |
| Black Citadel | 1 | 325 | / | 230 |
| total: | 9 | 1575g | / | 380w |
| 0:02 | Acolyte |
| 0:04 | Altar of Darkness |
| 0:11 | Crypt |
| 0:25 | Ziggurat |
| 0:32 | Acolyte |
| 0:50 | Tomb of Relics |
| 1:13 | Ghoul |
| 1:14 | Ghoul |
| 1:38 | Ziggurat |
| 1:48 | Ghoul |
| 2:04 | Crypt |
| 2:06 | Crypt |
| 2:14 | Rod of Necromancy |
| 2:16 | Sleep |
| 2:18 | Ghoul |
| 2:28 | Ghoul |
| 2:53 | Ziggurat |
| 3:06 | Ghoul |
| 3:27 | Ghoul |
| 3:50 | Ghoul |
| 4:00 | Carrion Swarm |
| 4:21 | Ghoul |
| 4:39 | Graveyard |
| 4:45 | Cannibalize |
| 5:37 | Ghoul |
| 5:40 | Halls of the Dead |
| 5:43 | Carrion Swarm |
| 6:07 | Ghoul |
| 6:11 | Boots of Speed |
| 6:21 | Unholy Strength |
| 6:42 | Ghoul |
| 7:42 | Ghoul |
| 7:56 | Ghoul |
| 8:01 | Black Citadel |
| Right click | 523 |
| Select group | 201 |
| Select | 187 |
| Misc. action | 44 |
| Build/train/purchase | 34 |
| Assign group | 27 |
| Chat | 16 |
| Use ability | 7 |
| Item give/drop | 2 |
10 units @ 1.5k
/ 0.2k
10 buildings @ 1.7k
/ 0.5k

| Rod of Necromancy | 3 | 450 |
| total: | 3 | 450g |
| Acolyte | 3 | 225 | / | 0 |
| Ghoul | 2 | 240 | / | 0 |
| Crypt Fiend | 5 | 1075 | / | 200 |
| total: | 10 | 1540g | / | 200w |
| Spirit Tower | 1 | 145 | / | 40 |
| Nerubian Tower | 1 | 100 | / | 20 |
| Altar of Darkness | 3 | 540 | / | 150 |
| Ziggurat | 3 | 450 | / | 150 |
| Crypt | 1 | 200 | / | 50 |
| Tomb of Relics | 1 | 130 | / | 30 |
| Graveyard | 1 | 215 | / | 0 |
| Slaughterhouse | 1 | 140 | / | 135 |
| Halls of the Dead | 1 | 320 | / | 210 |
| Black Citadel | 1 | 325 | / | 230 |
| total: | 10 | 1675g | / | 515w |
| 0:02 | Acolyte |
| 0:04 | Altar of Darkness |
| 0:05 | Altar of Darkness |
| 0:07 | Altar of Darkness |
| 0:10 | Ziggurat |
| 0:11 | Acolyte |
| 0:34 | Crypt |
| 0:41 | Acolyte |
| 0:58 | Tomb of Relics |
| 1:19 | Graveyard |
| 1:34 | Ghoul |
| 1:52 | Ghoul |
| 2:10 | Rod of Necromancy |
| 2:13 | Ziggurat |
| 2:36 | Death Coil |
| 2:51 | Crypt Fiend |
| 3:13 | Spirit Tower |
| 3:16 | Crypt Fiend |
| 3:27 | Nerubian Tower |
| 4:02 | Rod of Necromancy |
| 4:18 | Halls of the Dead |
| 4:32 | Unholy Aura |
| 4:33 | Crypt Fiend |
| 5:11 | Crypt Fiend |
| 5:15 | Ziggurat |
| 6:09 | Crypt Fiend |
| 6:25 | Death Coil |
| 7:00 | Black Citadel |
| 7:21 | Creature Attack |
| 7:46 | Slaughterhouse |
| 7:48 | Rod of Necromancy |
| Right click | 557 |
| Select group | 237 |
| Assign group | 226 |
| Select | 219 |
| Misc. action | 41 |
| Build/train/purchase | 33 |
| Use ability | 7 |